 Dungeon Crawl Stone Soup version 0.23-a0-358-g98c7a59 (console) character file.

268 nht the Cutter (level 6, -3/36 HPs)
             Began as an Octopode Enchanter on Oct 22, 2018.
             Slain by a hound (5 damage)
             ... on level 5 of the Dungeon.
             The game lasted 00:06:25 (3736 turns).

nht the Cutter (Octopode Enchanter)                 Turns: 3736, Time: 00:06:26

Health: -3/36      AC:  1    Str:  7    XL:     6   Next: 21%
Magic:  1/20       EV: 13    Int: 17    God:
Gold:   159        SH:  0    Dex: 13    Spells: 5/11 levels left

rFire    . . .     SeeInvis .   b - +0 short sword (venom)
rCold    . . .     Gourm    .   (no shield)
rNeg     . . .     Faith    .   (helmet restricted)
rPois    .         Spirit   .   (no amulet)
rElec    .         Reflect  .   l - ring of stealth
rCorr    .         Harm     .   t - ring of magical power
MR       +....     Clarity  +   u - ring of protection from magic
Stlth    ++++......             (no ring)
HPRegen  0.12/turn              (no ring)
MPRegen  0.17/turn              (no ring)
                                (no ring)
                                (no ring)

@: no status effects
A: almost no armour, stealthy swim, amphibious, 8 rings, constrict 8, camouflage
1, clarity, dopey 1, gelatinous body 1
a: no special abilities


You were on level 5 of the Dungeon.
You were not hungry.

You visited 1 branch of the dungeon, and saw 5 of its levels.

You collected 159 gold pieces.

Inventory:

Hand Weapons
 a - a +1 dagger
 b - a +0 short sword of venom (weapon)
 j - a -2 short sword
 p - a +0 blowgun
Missiles
 n - 18 poisoned needles
 r - 6 javelins (quivered)
 x - 3 tomahawks
Jewellery
 l - a ring of stealth (left tentacle)
 t - a ring of magical power (right tentacle)
 u - a ring of protection from magic (on tentacle)
Scrolls
 d - a scroll of fog {unknown}
 e - 4 scrolls of remove curse
 g - a scroll of enchant armour {unknown}
 i - a scroll of teleportation {unknown}
 k - a scroll of noise {unknown}
 m - 3 scrolls of identify {unknown}
 q - 2 scrolls of amnesia {unknown}
 s - 2 scrolls of immolation {unknown}
Potions
 f - a potion of mutation
 h - a potion of lignification
 o - 4 potions of haste {unknown}
 v - a potion of agility {unknown}
Comestibles
 c - 6 rations
 w - a chunk of flesh


   Skills:
 * Level 4.2 Short Blades
 - Level 2.0 Dodging
 - Level 4.0 Stealth
 + Level 3.3 Spellcasting
 + Level 4.2 Hexes


You had 5 spell levels left.
You knew the following spells:

 Your Spells              Type           Power        Failure   Level  Hunger
a - Corona                Hex            ###....      3%          1    None
b - Ensorcelled Hibernat  Hex/Ice        #.....       11%         2    ##.....
c - Confuse               Hex            ###.....     9%          3    ###....

Your spell library contained the following spells:

 Spells                   Type           Power        Failure   Level  Hunger
 Tukima's Dance           Hex            ###.....     9%          3    ###....
 Dazzling Spray           Conj/Hex       #.....       22%         3    ###....


Dungeon Overview and Level Annotations

Branches:
Dungeon (5/15)
 Temple: D:4-7

Altars:


Innate Abilities, Weirdness & Mutations

You cannot wear most types of armour.
You are very stealthy in the water. (Stealth+)
You are amphibious.
You can wear up to eight rings at the same time.
You can use your tentacles to constrict eight enemies at once.
Your skin changes colour to match your surroundings (Stealth+).
Your rubbery body absorbs attacks. (AC +1, EV +1)
You possess an exceptional clarity of mind.
You are dopey. (Int -2)


Message History

The hound closely misses you.
Casting: Ensorcelled Hibernation (safe; 11% risk of failure)
Confirm with . or Enter, or press ? or * to list all spells.
Aiming: Ensorcelled Hibernation (safe; 11% risk of failure)
Press: ? - help, Shift-Dir - straight line, f - hound
Aim: a hound (chance to defeat MR: 50%)
The hound resists with some effort.
The hound completely misses you.
Casting: Ensorcelled Hibernation (safe; 11% risk of failure)
Confirm with . or Enter, or press ? or * to list all spells.
Aiming: Ensorcelled Hibernation (safe; 11% risk of failure)
Press: ? - help, Shift-Dir - straight line, f/p - hound
Aim: a hound (chance to defeat MR: 50%)
The hound resists with some effort.
The hound closely misses you. x2
You aren't carrying any items that you can evoke.
Okay, then.
Okay, then.
Quiver which item? (- for none, * to show all) (? for menu, Esc to quit)
Okay, then.
The hound bites you.
You die...

█..█ ██..█ ████████████..██
█...█ ██████..........█...█
██..██ █..█............█...█
███..██
................█...███....███
.$?...>........███...........█
█..............██......████...
█......................█ ██..
█...).....@.███.......██.<.
█...)..>.h..█ █.......█....
█...)....████ █............
██████.O██ █............
██.....██ █..........█.
█......(██ █........██.
█....█.....█ ..)..█ █.
...████....█ ....█ █.. ..█
........█ ..█ █..


You could see an ogre and a hound.

Vanquished Creatures
  A scorpion (D:5)
  A bullfrog skeleton (D:5)
  An iguana (D:5)
  A worker ant (D:4)
  4 adders
  An ooze (D:4)
  A worm (D:2)
  2 leopard geckos
  14 orcs
  4 bats
  3 giant cockroaches (D:1)
  9 goblins
  4 hobgoblins
  4 jackals (D:1)
  12 kobolds
  2 quokkas (D:4)
  A ball python (D:4)
  A ball python skeleton (D:4)
  5 frilled lizards
  12 rats
83 creatures vanquished.

Notes
Turn   | Place    | Note
-------+----------+-------------------------------------------
     0 | D:1      | nht the Octopode Enchanter began the quest for the Orb.
     0 | D:1      | Reached XP level 1. HP: 11/11 MP: 3/3
    76 | D:1      | Reached XP level 2. HP: 15/17 MP: 5/5
   151 | D:1      | Learned a level 2 spell: Ensorcelled Hibernation
   756 | D:1      | Gained mutation: You are dopey. (Int -2) [potion of
                  | mutation]
   756 | D:1      | Gained mutation: You possess an exceptional clarity of
                  | mind. [potion of mutation]
   782 | D:1      | Reached XP level 3. HP: 5/21 MP: 1/6
  1763 | D:2      | Reached XP level 4. HP: 27/27 MP: 7/7
  2613 | D:4      | Reached XP level 5. HP: 31/31 MP: 4/9
  3463 | D:5      | Entered Level 5 of the Dungeon
  3512 | D:5      | Reached XP level 6. HP: 35/36 MP: 10/10
  3552 | D:5      | Learned a level 3 spell: Confuse
  3728 | D:5      | HP: 1/36 [ogre/+0 giant club (15)]
  3736 | D:5      | Slain by a hound

Vault maps used:
D:1:      mrwooster_arrival_arrow
D:3:      first_ration
D:5:      minmay_temple_entry_overgrown

Skill      XL: |  1  2  3  4  5 |
---------------+----------------+-----
Short Blades   | 2 3 4 |  4.2
Spellcasting   | 3 |  3.3
Hexes          | 4 |  4.2
Dodging        | |  2.0
Stealth        | |  4.0

Action                   |  1- 3 |  4- 6 || total
-------------------------+-------+-------++-------
Melee: Dagger            |     9 |       ||     9
       Short sword       |    75 |    68 ||   143
       Constrict         |    12 |    14 ||    26
       Tentacles         |     7 |     8 ||    15
 Cast: Corona            |     4 |       ||     4
       Ensorcelled Hiber |    12 |    24 ||    36
  Use: Potion            |     2 |       ||     2
       Scroll            |     1 |       ||     1
 Stab: Sleeping          |    20 |    22 ||    42
  Eat: Chunk             |     4 |     7 ||    11
Armor: Skin              |    22 |     5 ||    27
Dodge: Dodged            |    50 |    50 ||   100

Table legend:
 A = Non-vault XP
 B = Vault XP
 C = Vault XP percentage of total XP
 D = Non-vault monster count
 E = Vault monster count
 F = Vault count percentage of total count
                 A         B        C        D         E       F
            +---------+---------+-------+---------+---------+-------
      Total |     384 |       0 |   0.0 |      83 |       0 |   0.0
            +---------+---------+-------+---------+---------+-------
        D:1 |      43 |       0 |   0.0 |      26 |       0 |   0.0
        D:2 |      39 |       0 |   0.0 |      17 |       0 |   0.0
        D:3 |      36 |       0 |   0.0 |      15 |       0 |   0.0
        D:4 |      89 |       0 |   0.0 |      17 |       0 |   0.0
        D:5 |     177 |       0 |   0.0 |       8 |       0 |   0.0
            +---------+---------+-------+---------+---------+-------
